 Dungeon Crawl Stone Soup version 0.21.0-26-g889b8f6 (webtiles) character file.

76 pk666 the Skirmisher (level 4, -2/42 HPs)
             Began as a Minotaur Berserker on Jan 27, 2018.
             Was a Believer of Trog.
             Slain by a hobgoblin (3 damage)
             ... led by Robin
             ... on level 2 of the Dungeon.
             The game lasted 00:02:33 (1327 turns).

pk666 the Skirmisher (Minotaur Berserker)           Turns: 1327, Time: 00:02:34

Health: -2/42      AC:  2    Str: 23    XL:     4   Next: 12%
Magic:  3/3        EV: 12    Int:  4    God:    Trog [**....]
Gold:   62         SH:  0    Dex:  9    Spells: 3/3 levels left

rFire    . . .     SeeInvis +   a - +0 hand axe
rCold    . . .     Gourm    .   (no shield)
rNeg     . . .     Faith    .   b - +0 animal skin
rPois    .         Spirit   .   (helmet restricted)
rElec    .         Reflect  .   (no cloak)
rCorr    .         Harm     .   (no gloves)
MR       .....                  (no boots)
Stlth    +.........             (no amulet)
HPRegen  0.14/turn              i - ring of see invisible
MPRegen  0.08/turn              (no ring)

@: no status effects
A: retaliatory headbutt, horns 2
a: Berserk, Trog's Hand, Burn Spellbooks, Renounce Religion


You were on level 2 of the Dungeon.
You worshipped Trog.
Trog was pleased with you.
You were not hungry.

You visited 1 branch of the dungeon, and saw 2 of its levels.

You collected 62 gold pieces.

Inventory:

Hand Weapons
 a - a +0 hand axe (weapon)
Armour
 b - a +0 animal skin (worn)
Jewellery
 i - a ring of see invisible (left hand)
Scrolls
 d - a scroll of fog {unknown}
 e - a scroll of teleportation {unknown}
 g - 2 scrolls of remove curse {unknown}
 j - a scroll of fear {unknown}
 l - a scroll of identify {unknown}
Potions
 f - a potion of agility {unknown}
 h - a potion of cancellation {unknown}
 k - 2 potions of brilliance {unknown}
Comestibles
 c - a ration


   Skills:
 + Level 5.0 Fighting
 + Level 5.0 Axes
 - Level 2.4 Armour
 - Level 2.1 Dodging


You had 3 spell levels left.
You didn't know any spells.

Dungeon Overview and Level Annotations

Branches:
Dungeon (2/15)

Altars:
The Shining One


Innate Abilities, Weirdness & Mutations

You reflexively headbutt those who attack you in melee.
You have a pair of horns on your head.


Message History

You have reached level 4!
You feel stronger.
You closely miss the goblin. You hit the goblin.
You kill the goblin!
Trog accepts your kill.
Your Axes skill increases to level 5!
The goblin hits you.
* * * LOW HITPOINT WARNING * * *
You hit the hobgoblin.
The hobgoblin is severely wounded.
You hit the goblin.
You kill the goblin!
Trog accepts your kill. The hobgoblin hits you.
* * * LOW HITPOINT WARNING * * *
A goblin comes into view.
You closely miss the hobgoblin.
The hobgoblin is severely wounded.
The hobgoblin hits you.
You die...

..##....+......
..##....##...# .##.#
..##....+....# ....#
..##....#....###>#.#
.(##...............#
(....).......###...####
.†.....#......$).......
#......#..(..##))).#..#
#......##+#####)@gr.g<#
#.###### #.)####.# #.#
#..g #.# #...# #.#
#...# ....# ##..# ...#


You could see a hobgoblin, 2 goblins and a rat.

Vanquished Creatures
  Robin (D:2)
  An adder (D:2)
  3 dart slugs (D:1)
  7 bats
  A giant cockroach (D:1)
  5 hobgoblins
  5 jackals (D:1)
  6 kobolds
  3 frilled lizards (D:1)
  10 goblins
  5 rats
47 creatures vanquished.

Notes
Turn   | Place    | Note
-------+----------+-------------------------------------------
     0 | D:1      | pk666 the Minotaur Berserker began the quest for the Orb.
     0 | D:1      | Reached XP level 1. HP: 19/19 MP: 0/0
    53 | D:1      | Found a glowing golden altar of the Shining One.
   231 | D:1      | Reached XP level 2. HP: 24/27 MP: 1/1
   362 | D:1      | Reached ** piety under Trog
   363 | D:1      | Reached XP level 3. HP: 13/34 MP: 2/2
  1316 | D:2      | Noticed Robin
  1325 | D:2      | Killed Robin
  1325 | D:2      | Reached skill level 5 in Fighting
  1325 | D:2      | Reached XP level 4. HP: 9/42 MP: 3/3
  1325 | D:2      | Reached skill level 5 in Axes
  1326 | D:2      | HP: 1/42 [hobgoblin[Robin] (5)]
  1327 | D:2      | Slain by a hobgoblin

Skill      XL: |  1  2  3  4 |
---------------+-------------+-----
Fighting       | 4 5 |  5.0
Axes           | 4 5 |  5.0
Armour         | |  2.4
Dodging        | |  2.1

Action                   |  1- 3 |  4- 6 || total
-------------------------+-------+-------++-------
Melee: Hand axe          |    85 |     2 ||    87
       Headbutt          |     6 |       ||     6
  Eat: Chunk             |     1 |       ||     1
Armor: Animal skin       |     9 |       ||     9
Dodge: Dodged            |    73 |       ||    73
